AoeStats
← Skooll

Arabia

509577638Analyzed
3v3 RM · 4d ago on Sep 27, 2026· 48m 4s· 6 players
Game mode
Random Map
Map size
Normal (6 player)
Population
200
Speed
Normal
Resources
Standard
Victory
Conquest
Starting age
Dark Age
Ending age
Imperial Age
RankedLock teamsTeams togetherTeam positionsShared explorationLock speedFull tech treeHidden civsTurbo modeCheats
Victory
Defeat
🇫🇷 Gurjaras · France
1402
+9
🇫🇷 Saracens · France
1329
+11
🇫🇷 Ethiopians · France
930
+27
🇦🇺 Khmer · Australia
1226
-16
🇦🇺 Mongols · Australia
1216
-16
🇦🇺 Varangians · Australia
1201
-15
Adavi306
7:31 Feudal Age
5:51 Loom
8:58 Double-Bit Axe
17:21 Forging
19:37 Bloodlines
19:48 Scale Barding Armor
22:44 Wheelbarrow
25:31 Castle Age
24:35 Horse Collar
24:48 Gold Mining
26:53 Chain Barding Armor
34:44 Padded Archer Armor
37:16 Town Watch
37:48 Fletching
40:48 Iron Casting
40:14 Bodkin Arrow
40:42 Leather Archer Armor
46:12 Ballistics
47:08 Husbandry
48:27 Iron Casting
Torg
7:55 Loom
10:02 Feudal Age
13:38 Castle Age
11:32 Double-Bit Axe
16:07 Bow Saw
18:15 Horse Collar
19:22 Forging
19:51 Scale Barding Armor
23:21 Chain Barding Armor
23:41 Heavy Plow
24:15 Husbandry
24:26 Bloodlines
26:01 Iron Casting
26:11 Wheelbarrow
25:29 Gold Mining
28:18 Fletching
29:31 Bodkin Arrow
30:48 Hand Cart
31:28 Pikeman
36:04 Imperial Age
34:53 Tusk Swords
41:55 Conscription
43:33 Gold Shaft Mining
44:11 Plate Barding Armor
44:53 Hoardings
45:44 Stone Mining
46:30 Coinage
46:18 Heavy Scorpion
48:57 Blast Furnace
Incitatus
6:17 Loom
9:03 Feudal Age
10:21 Double-Bit Axe
13:05 Horse Collar
20:09 Scale Mail Armor
28:51 Castle Age
27:08 Arson
27:35 Forging
28:37 Gold Mining
28:40 Stone Mining
29:05 Fletching
32:49 Elite Skirmisher
41:21 Heavy Plow
42:06 Wheelbarrow
41:56 Gambesons
47:26 Chain Mail Armor
47:14 Squires
the-couille-gauche
7:59 Loom
9:50 Feudal Age
17:24 Fletching
22:07 Double-Bit Axe
25:37 Castle Age
23:58 Gold Mining
26:17 Bodkin Arrow
26:51 Crossbowman
30:23 Ballistics
37:02 Imperial Age
37:11 Arbalester
40:15 Chemistry
40:12 Bracer
43:11 Padded Archer Armor
44:54 Thumb Ring
45:21 Bow Saw
44:58 Horse Collar
PiroNoSkill
8:47 Feudal Age
8:39 Loom
9:25 Double-Bit Axe
18:01 Forging
21:45 Castle Age
20:16 Horse Collar
22:54 Scale Barding Armor
31:25 Heavy Plow
31:35 Bow Saw
31:51 Chain Barding Armor
31:57 Bloodlines
36:31 Wheelbarrow
36:43 Iron Casting
37:35 Bow Saw
41:15 Imperial Age
38:51 Husbandry
40:19 Hand Cart
42:35 Plate Barding Armor
41:33 Heavy Camel Rider
43:24 Frontier Guards
45:28 Ballistics
46:09 Chemistry
47:22 Town Watch
47:26 Elite Shrivamsha Rider
48:18 Fletching
Skooll
7:32 Loom
9:37 Feudal Age
16:57 Fletching
18:41 Padded Archer Armor
24:56 Castle Age
25:27 Crossbowman
26:03 Bodkin Arrow
28:00 Leather Archer Armor
27:32 Double-Bit Axe
27:41 Gold Mining
27:34 Horse Collar
31:32 Thumb Ring
33:29 Bow Saw
38:57 Ballistics
39:45 Wheelbarrow
38:56 Town Watch
44:51 Imperial Age
48:29 Conscription
Connection lost

Rejoining the realm…

Still unreachable

The connection could not be restored.

Session expired

The server has moved on; the page needs a fresh start.